 Dungeon Crawl Stone Soup version 0.27.0-1-g7a089689b8 (webtiles) character file.

Game seed: 11451908119390212856

310 Sabo the Chopper (level 6, -1/53 HPs)
             Began as a Hill Orc Fighter on Aug 7, 2021.
             Succumbed to a scorpion's poison
             ... on level 4 of the Dungeon.
             The game lasted 00:19:01 (4409 turns).

Sabo the Chopper (Hill Orc Fighter)                 Turns: 4409, Time: 00:19:02

Health: -1/53      AC:  9    Str: 25    XL:     6   Next: 41%
Magic:  6/6        EV:  6    Int:  8    God:
Gold:   170        SH: 10    Dex: 14    Spells: 5/5 levels left

rFire    . . .     SeeInvis .   a - +0 war axe
rCold    . . .     Faith    .   c - +0 kite shield
rNeg     + . .     Spirit   .   m - +0 chain mail
rPois    .         Reflect  .   (no helmet)
rElec    .         Harm     .   (no cloak)
rCorr    .         Rampage  .   (no gloves)
Will     .....                  (no boots)
Stlth    ..........             (no amulet)
HPRegen  0.17/turn              f - ring of Moderation {rN+ Str+6 Dex+2}
MPRegen  0.10/turn              (no ring)

@: mighty, lethally poisoned (-1 -> -25)
A: no striking features
a: no special abilities


You were on level 4 of the Dungeon.
You visited 1 branch of the dungeon, and saw 4 of its levels.
You also visited: Sewer.

You collected 170 gold pieces.

Inventory:

Hand Weapons
 a - a +0 war axe (weapon)
 h - a +1 whip of draining
Missiles
 j - 42 arrows
Armour
 c - a +0 kite shield (worn)
 m - a +0 chain mail (worn)
Jewellery
 f - the ring of Moderation (left hand) {rN+ Str+6 Dex+2}
   (You acquired it on level 3 of the Dungeon)

   [ring of strength]

   Str:       It affects your strength (+6).
   Dex:       It affects your dexterity (+2).
   rN:        It protects you from negative energy.
 t - a ring of fire
Scrolls
 b - a scroll of enchant armour
 e - 5 scrolls of teleportation
 g - 2 scrolls of enchant weapon
 i - 2 scrolls of fear
 l - 3 scrolls of identify
 o - a scroll of brand weapon {unknown}
 q - a scroll of magic mapping {unknown}
 r - a scroll of summoning {unknown}
 s - a scroll of immolation {unknown}
Potions
 d - a potion of might
 k - a potion of flight {unknown}
 n - a potion of magic {unknown}
 p - a potion of heal wounds {unknown}
 u - a potion of haste {unknown}


   Skills:
 + Level 4.5 Fighting
 + Level 5.8 Axes
 + Level 4.6 Armour
 + Level 1.0 Dodging
 + Level 0.1 Stealth
 + Level 4.3 Shields


You had 5 spell levels left.
You didn't know any spells.
Your spell library contained the following spells:

 Spells                   Type           Power      Damage    Failure   Level
 Slow                     Hex            0%         N/A       100%        2
 Confusing Touch          Hex            0%         N/A       100%        3
 Yara's Violent Unravell  Hex/Tmut       0%         3d3       100%        5


Dungeon Overview and Level Annotations

Branches:
Dungeon (4/15)              Sewer (visited)
 Temple: D:4-7

Altars:
Vehumet

Shops:
D:1 :


Message History

The jelly is severely wounded.
You block the jelly's attack. The jelly hits you but does no damage.
You hit the jelly.
Your hands burn!
The jelly is almost dead.
You block the scorpion's attack. You block the jelly's attack.
You slash the jelly!
You kill the jelly!
You hit the scorpion. You slash the scorpion! The scorpion barely misses you.
You block the scorpion's attack. x2
The scorpion stings you but does no damage.
You block the scorpion's attack. The scorpion barely misses you.
The scorpion closely misses you.
You hit the scorpion.
The scorpion is severely wounded.
You closely miss the scorpion. The scorpion stings you.
You are poisoned.
The scorpion poisons you! The scorpion stings you.
You block the scorpion's attack. The scorpion stings you!
You completely miss the scorpion.
The scorpion is severely wounded.
You completely miss the scorpion.
You feel very sick. The scorpion stings you. The scorpion stings you!
You are lethally poisoned!
The scorpion poisons you! You block the scorpion's attack. x2
You closely miss the scorpion.
The scorpion is heavily wounded.
You barely miss the scorpion.
You feel extremely sick. The scorpion stings you.
* * * LOW HITPOINT WARNING * * *
You block the scorpion's attack. The scorpion stings you.
* * * LOW HITPOINT WARNING * * *
You are more poisoned.
The scorpion poisons you!
* * * LOW HITPOINT WARNING * * *
You feel very sick. You block the scorpion's attack.
You feel very mighty all of a sudden.
You die...

#......................#
#......................#
#......................#
#......................##
#............../.........
....................
....................
........ss.......
........@......##
...............#
...............#
...............#
..............#
................
################


You could see 2 scorpions.

Vanquished Creatures
  A scorpion (D:4)
  A jelly (D:4)
  A hound (D:3)
  An orc priest (D:4)
  3 gnolls (D:3)
  3 adders
  A river rat (Sewer)
  An ufetubus (D:4)
  4 worms (D:3)
  A dart slug (D:2)
  4 orcs (D:4)
  7 ball pythons
  5 endoplasms
  3 giant cockroaches
  3 goblins
  4 hobgoblins
  7 jackals
  2 quokkas
  4 bats
  10 frilled lizards
  4 kobolds
  10 rats
80 creatures vanquished.

Notes
Turn   | Place    | Note
-------+----------+-------------------------------------------
     0 | D:1      | Sabo the Hill Orc Fighter began the quest for the Orb.
     0 | D:1      | Reached XP level 1. HP: 19/19 MP: 1/1
    88 | D:1      | Reached XP level 2. HP: 20/27 MP: 2/2
    90 | D:1      | Reached skill level 3 in Axes
   332 | D:1      | Found Ciotaoli's Book Emporium.
  1338 | D:2      | Reached XP level 3. HP: 29/33 MP: 3/3
  2190 | D:3      | Reached XP level 4. HP: 18/40 MP: 4/4
  2196 | D:3      | Reached skill level 4 in Axes
  2471 | D:3      | Reached XP level 5. HP: 28/46 MP: 5/5
  2708 | D:3      | Found a glowing drain.
  2730 | Sewer    | Entered a sewer
  2854 | Sewer    | Reached skill level 5 in Axes
  3248 | Sewer    | Identified a scroll of acquirement
  3267 | D:3      | Acquired the ring of Moderation {rN+ Str+6 Dex+2}
  3612 | D:4      | Reached XP level 6. HP: 37/53 MP: 6/6
  3732 | D:4      | Found a radiant altar of Vehumet.
  4112 | D:4      | Reached skill level 1 in Dodging
  4409 | D:4      | Succumbed to a scorpion's poison

Illustrated notes

Levels and vault maps discovered:
D:1:      dpeg_arrival_orchard, layout_basic, serial_shops,
          nicolae_shop_waterfront
D:2:      layout_loops_cross
D:3:      layout_loops_ring, cheibrodos_sewer_entry_bend
D:4:      layout_basic, fiery_altar_vehumet, temple_statues,
          kennysheep_generic_room_11

Skill      XL: |  1  2  3  4  5  6 |
---------------+-------------------+-----
Axes           | 3 4 5 |  5.8
Fighting       | 4 |  4.5
Armour         | 4 |  4.6
Shields        | 4 |  4.3
Dodging        | 1 |  1.0
Stealth        | |  0.1

Action                   |  1- 3 |  4- 6 || total
-------------------------+-------+-------++-------
Melee: War axe           |   110 |   145 ||   255
  Use: Scroll            |     1 |     5 ||     6
       Potion            |       |     1 ||     1
Armor: Scale mail        |    46 |       ||    46
       Chain mail        |    15 |    85 ||   100
Dodge: Dodged            |    35 |    32 ||    67
Block: Kite shield       |    66 |    88 ||   154
